 Dungeon Crawl Stone Soup version 0.23-a0-586-gacb4b3f4ce (webtiles) character file.

18 Adamkad1 the Charmwright (level 2, -1/17 HPs)
             Began as a Tengu Skald on Dec 19, 2018.
             Slain by a leopard gecko (5 damage)
             ... on level 1 of the Dungeon.
             The game lasted 00:00:27 (450 turns).

Adamkad1 the Charmwright (Tengu Skald)               Turns: 450, Time: 00:00:27

Health: -1/17      AC:  3    Str: 11    XL:     2   Next: 70%
Magic:  6/6        EV: 12    Int: 13    God:
Gold:   18         SH:  0    Dex: 13    Spells: 4/5 levels left

rFire    . . .     SeeInvis .   a - +0 falchion
rCold    . . .     Gourm    .   (no shield)
rNeg     . . .     Faith    .   b - +0 leather armour
rPois    .         Spirit   .   (helmet restricted)
rElec    .         Reflect  .   (no cloak)
rCorr    .         Harm     .   (no gloves)
MR       .....                  (boots unavailable)
Stlth    +.........             (no amulet)
HPRegen  0.05/turn              (no ring)
MPRegen  0.10/turn              (no ring)

@: no status effects
A: beak, talons 3
a: no special abilities


You were on level 1 of the Dungeon.
You were not hungry.

You visited 1 branch of the dungeon, and saw 1 of its levels.

You collected 18 gold pieces.

Inventory:

Hand Weapons
 a - a +0 falchion (weapon)
Armour
 b - a +0 leather armour (worn)
Comestibles
 d - a ration


   Skills:
 + Level 2.0 Fighting
 + Level 2.4 Long Blades
 + Level 1.1 Armour
 + Level 2.2 Dodging
 + Level 2.2 Spellcasting
 + Level 2.8 Charms


You had 4 spell levels left.
You knew the following spells:

 Your Spells              Type           Power        Failure   Level  Hunger
a - Infusion              Chrm           #...         11%         1    ##.....

Your spell library contained the following spells:

 Spells                   Type           Power        Failure   Level  Hunger
 Song of Slaying          Chrm           #.......     16%         2    ###....
 Shroud of Golubria       Chrm/Tloc      #.........   28%         2    ###....
 Regeneration             Chrm/Necr      #.........   50%         3    ####...
 Spectral Weapon          Hex/Chrm       #.......     50%         3    ####...


Dungeon Overview and Level Annotations

Branches:
Dungeon (1/15)

Altars:


Innate Abilities, Weirdness & Mutations

You have a beak for a mouth.
You have claws for feet.


Message History

A leopard gecko comes into view.
A giant cockroach comes into view.
The kobold throws a stone.
The stone misses you.
A goblin comes into view. It is wielding a +0 dagger.
The ball python hisses angrily.
The kobold throws a stone.
The stone hits you.
Found 6 gold pieces.
You see here a stone.
The leopard gecko hisses angrily.
The kobold throws a stone.
The stone hits you but does no damage.
You see here a stone.
The leopard gecko bites you. The leopard gecko bites you.
The leopard gecko closely misses you.
The giant cockroach waves its antennae.
You hit the ball python.
You kill the ball python!
The leopard gecko bites you.
* * * LOW HITPOINT WARNING * * *
The leopard gecko bites you.
You die...

........(..#..#.......#
...........#..........#
......$...(...#.......
.....................
...........g.......#.#
..........K........#S##
...#.....#..........S.#
##########sl.#.......##
####@..#.)...###
######......##.#..##
#.................>#
.###..........)..##
##...............<#
#.......(.)......###
.............###.)....##
..###.##.....###.......#
#.. #............#.##


You could see a leopard gecko, a giant cockroach, a goblin and a kobold.

Vanquished Creatures
  2 oozes (D:1)
  A ball python (D:1)
  A goblin (D:1)
  2 hobgoblins (D:1)
  A kobold (D:1)
  A bat (D:1)
  2 rats (D:1)
10 creatures vanquished.

Notes
Turn   | Place    | Note
-------+----------+-------------------------------------------
     0 | D:1      | Adamkad1 the Tengu Skald began the quest for the Orb.
     0 | D:1      | Reached XP level 1. HP: 12/12 MP: 4/4
    26 | D:1      | Reached XP level 2. HP: 7/17 MP: 6/6
   450 | D:1      | Slain by a leopard gecko

Vault maps used:
D:1:      onia_arrival_handbag, serial_bayou_crossing

Action                   || total
-------------------------++-------
Melee: Falchion          ||    24
       Peck              ||     6
       Kick              ||     3
Armor: Leather armour    ||     7
Dodge: Dodged            ||    14
       Rpst.: Falchion   ||     3

Table legend:
 A = Non-vault XP
 B = Vault XP
 C = Vault XP percentage of total XP
 D = Non-vault monster count
 E = Vault monster count
 F = Vault count percentage of total count
                 A         B        C        D         E       F
            +---------+---------+-------+---------+---------+-------
      Total |      12 |      15 |  55.6 |       7 |       3 |  30.0
            +---------+---------+-------+---------+---------+-------
        D:1 |      12 |      15 |  55.6 |       7 |       3 |  30.0
            +---------+---------+-------+---------+---------+-------
